 Dungeon Sprint DCSS version 0.20-a0-555-gf6ae02d (webtiles) character file.

1860 Gingerlord the Protected (level 9, 0/78 HPs)
             Began as a Barachian Fighter on Feb 4, 2017.
             Was a Priest of Makhleb.
             Slain by a basilisk (8 damage)
             ... in the Dungeon (Sprint IX: "|||||||||||||||||||||||||||||").
             The game lasted 00:03:08 (808 turns).

Gingerlord the Protected (Barachian Fighter)         Turns: 808, Time: 00:03:08

Health: 0/78       AC: 17    Str: 17    XL:     9   Next: 13%
Magic:  14/14      EV: 11    Int:  7    God:    Makhleb [***...]
Gold:   8          SH: 11    Dex: 10    Spells: 8/8 levels left

rFire    . . .     SeeInvis .   a - +0 long sword
rCold    . . .     Gourm    .   r - +1 chain mail
rNeg     . . .     Faith    .   c - +0 shield
rPois    .         Spirit   .   q - +0 helmet
rElec    .         Reflect  .   p - +0 cloak
rCorr    .         Harm     .   (no gloves)
MR       .....     NoTele   +   (no boots)
Stlth    ..........             (no amulet)
Regen    0.3/turn               t - +2 ring of evasion
                                s - +2 ring of protection

@: lethally poisoned (0 -> -1), slow
A: swims, slowness 1, strong legs 1
a: Hop, Minor Destruction, Lesser Servant of Makhleb, Renounce Religion


You were in the Dungeon.
You worshipped Makhleb.
Makhleb was most pleased with you.
You were not hungry.

You visited 1 branch You collected 8 gold pieces.

Inventory:

Hand Weapons
 a - a +0 long sword (weapon)
 o - a +2 scimitar of holy wrath
Armour
 c - a +0 shield (worn)
 p - a +0 cloak (worn)
 q - a +0 helmet (worn)
 r - a +1 chain mail (worn)
Jewellery
 s - a +2 ring of protection (left hand)
 t - a +2 ring of evasion (right hand)
Wands
 n - a wand of acid (7/15)
Scrolls
 k - 3 scrolls of blinking
 l - 5 scrolls of remove curse
 m - 2 scrolls of amnesia
 v - 2 scrolls of recharging
 w - a scroll of fear
Potions
 b - 2 potions of agility
 d - a potion of cure mutation
 e - 5 potions of curing
 g - 2 potions of heal wounds
 h - 4 potions of haste
 i - 4 potions of magic
 j - a potion of berserk rage
Miscellaneous
 u - a phantom mirror
Comestibles
 f - a bread ration


   Skills:
 + Level 10.2 Fighting
 + Level 9.4 Long Blades
 + Level 10.3 Armour
 + Level 6.5 Dodging
 + Level 10.0 Shields
 + Level 7.0 Invocations


You had 8 spell levels left.
You didn't know any spells.

Dungeon Overview and Level Annotations

Branches:
Dungeon (1/1)

Altars:
Cheibriados
Dithmenos
Elyvilon
Fedhas
Gozag
Hepliaklqana
Kikubaaqudgha
Makhleb
Nemelex Xobeh
Okawaru
Qazlal
Ru
Sif Muna
Trog
Uskayaw
Vehumet
Xom
Yredelemnul
Zin
The Shining One
Beogh
Jiyva
Lugonu


Innate Abilities, Weirdness & Mutations

You can swim through water.
You cover ground slowly.
You can hop short distances.


Message History

You resist with some effort.
You closely miss the basilisk.
The basilisk is moderately wounded.
The basilisk bites you.
* * * LOW HITPOINT WARNING * * *
You hit the basilisk but do no damage.
The basilisk is moderately wounded.
You feel sick.
The basilisk bites you but does no damage.
You hit the basilisk but do no damage.
The basilisk is moderately wounded.
You block the basilisk's attack.
You closely miss the basilisk.
The basilisk is moderately wounded.
The basilisk bites you!
* * * LOW HITPOINT WARNING * * *
You slash the basilisk!
The basilisk is severely wounded.
The basilisk bites you!
You die...

▓▓▓▓▓▓▓▓▓▓▓▓▓▓▓▓▓▓▓▓▓▓▓▓▓▓▓▓▓▓▓▓▓
_____________________'....)†.....
▓▓▓▓▓▓▓▓▓▓▓▓▓▓▓▓▓▓▓▓▓▓▓▓▓▓▓▓▓▓▓▓▓
.................................
▓▓▓▓▓▓▓▓▓▓▓▓▓▓▓▓▓▓▓▓▓▓▓▓▓▓▓▓▓▓▓▓▓
FFrrrFl@.............'..
▓▓▓▓▓▓▓▓▓▓▓▓▓▓▓▓▓▓▓▓▓▓▓▓


You could see a spiny frog, a basilisk, 2 bullfrogs and 3 porcupines.

Vanquished Creatures
  A centaur warrior (D)
  A spiny frog (D)
  2 hippogriffs (D)
  A wyvern (D)
  A necrophage (D)
  A killer bee (D)
  A howler monkey (D)
  A crimson imp (D)
  2 quasits (D)
  A hound (D)
  An adder zombie (D)
  An adder skeleton (D)
  An orc (D)
  A bat (D)
  A giant cockroach (D)
  2 goblins (D)
  A jackal (D)
  A quokka zombie (D)
  A rat (D)
22 creatures vanquished.

Vanquished Creatures (others)
  An ugly thing (D)
  A manticore (D)
2 creatures vanquished.

Grand Total: 24 creatures vanquished

Notes
Turn   | Place    | Note
-------+----------+-------------------------------------------
     0 | D        | Gingerlord the Barachian Fighter began the quest for the Orb.
     0 | D        | Reached XP level 1. HP: 18/18 MP: 1/1
    20 | D        | Noticed a hound
    20 | D        | Noticed a howler monkey
    27 | D        | Killed a howler monkey
    27 | D        | Reached skill level 5 in Fighting
    27 | D        | Reached skill level 5 in Armour
    27 | D        | Reached XP level 2. HP: 27/27 MP: 2/2
    27 | D        | Reached XP level 3. HP: 33/33 MP: 3/3
    38 | D        | Reached skill level 5 in Shields
    38 | D        | Reached XP level 4. HP: 34/40 MP: 4/4
    44 | D        | Found a roughly hewn altar of Beogh.
    44 | D        | Found a snail-covered altar of Cheibriados.
    44 | D        | Found a shadowy altar of Dithmenos.
    44 | D        | Found a white marble altar of Elyvilon.
    44 | D        | Found a blossoming altar of Fedhas.
    44 | D        | Found an opulent altar of Gozag.
    45 | D        | Found a hazy altar of Hepliaklqana.
    46 | D        | Found a viscous altar of Jiyva.
    47 | D        | Found an ancient bone altar of Kikubaaqudgha.
    48 | D        | Found a corrupted altar of Lugonu.
    49 | D        | Found a burning altar of Makhleb.
    50 | D        | Found a sparkling altar of Nemelex Xobeh.
    51 | D        | Found an iron altar of Okawaru.
    52 | D        | Found a stormy altar of Qazlal.
    53 | D        | Found a sacrificial altar of Ru.
    54 | D        | Found a deep blue altar of Sif Muna.
    55 | D        | Found a bloodstained altar of Trog.
    56 | D        | Found a hide-covered altar of Uskayaw.
    57 | D        | Found a radiant altar of Vehumet.
    58 | D        | Found a shimmering altar of Xom.
    59 | D        | Found a basalt altar of Yredelemnul.
    60 | D        | Found a glowing silver altar of Zin.
    61 | D        | Found a glowing golden altar of the Shining One.
    73 | D        | Became a worshipper of Makhleb the Destroyer
   130 | D        | Noticed a hippogriff
   130 | D        | Noticed a wyvern
   130 | D        | Noticed a necrophage
   154 | D        | Killed a necrophage
   154 | D        | Reached skill level 5 in Long Blades
   154 | D        | Reached XP level 5. HP: 46/47 MP: 5/5
   162 | D        | Reached * piety under Makhleb
   162 | D        | Reached XP level 6. HP: 42/55 MP: 6/6
   173 | D        | Killed a wyvern
   183 | D        | Killed a hippogriff
   183 | D        | Reached ** piety under Makhleb
   183 | D        | Reached XP level 7. HP: 23/63 MP: 7/10
   385 | D        | Noticed a centaur warrior
   385 | D        | Noticed a manticore
   385 | D        | Noticed a purple ugly thing
   388 | D        | Killed a manticore
   394 | D        | Killed a brown ugly thing
   411 | D        | Killed a centaur warrior
   411 | D        | Reached skill level 5 in Dodging
   411 | D        | Reached XP level 8. HP: 13/72 MP: 10/12
   419 | D        | Reached *** piety under Makhleb
   766 | D        | Noticed a hippogriff
   766 | D        | Noticed a spiny frog
   778 | D        | Killed a spiny frog
   778 | D        | Reached skill level 10 in Fighting
   778 | D        | Reached skill level 10 in Armour
   778 | D        | Reached XP level 9. HP: 53/78 MP: 12/14
   787 | D        | Noticed a spiny frog
   787 | D        | Reached skill level 10 in Shields
   808 | D        | Slain by a basilisk

Vault maps used:
D:        linesprint

Skill      XL: |  1  2  3  4  5  6  7  8  9 |
---------------+----------------------------+-----
Armour         | 5 7 8 9 10 | 10.3
Fighting       | 5 6 7 8 9 10 | 10.2
Long Blades    | 3 4 5 6 7 8 9 |  9.4
Shields        | 4 5 7 8 9 10 | 10.0
Dodging        | 3 5 6 |  6.5
Invocations    | 4 6 7 |  7.0

Action                   |  1- 3 |  4- 6 |  7- 9 || total
-------------------------+-------+-------+-------++-------
Melee: Long sword        |    26 |     3 |    65 ||    94
       Scimitar          |       |    48 |       ||    48
  Use: Potion            |     1 |     1 |     1 ||     3
 Stab: Invisible         |       |       |     6 ||     6
Armor: Scale mail        |     8 |       |       ||     8
       Chain mail        |       |    81 |    15 ||    96
Dodge: Dodged            |    10 |    26 |    17 ||    53
Block: Shield            |    12 |    34 |    33 ||    79
       Rpst.: Long sword |     4 |       |     4 ||     8
       Scimitar          |       |     2 |       ||     2
